 Dungeon Crawl Stone Soup version 0.22-a0-346-ga714374 (webtiles) character file.

142538 Amnesiac the Unseen (level 16, -1/87 HPs)
             Began as a Spriggan Earth Elementalist on Apr 5, 2018.
             Was the Champion of Ashenzari.
             Killed from afar by 4thArraOfDagon's ghost (62 damage)
             ... with a blast of crystal shards
             ... on level 2 of the Elven Halls on Apr 6, 2018.
             The game lasted 01:51:22 (35238 turns).

Amnesiac the Unseen (Spriggan Earth Elementalist)  Turns: 35238, Time: 01:51:23

Health: -1/87      AC: 11    Str:  4    XL:     16   Next: 80%
Magic:  32/35      EV: 30    Int: 23    God:    Ashenzari [******]
Gold:   2560       SH:  7    Dex: 17    Spells: 8/43 levels left

rFire    + . .     SeeInvis +   Q - +0 quick blade (freeze)
rCold    + . .     Gourm    .   T - +0 buckler
rNeg     . . .     Faith    .   M - +2 robe {MR+}
rPois    .         Spirit   .   I - +2 hat (curse)
rElec    .         Reflect  .   h - scarf {rC+ rF+} (curse)
rCorr    .         Harm     .   (gloves unavailable)
MR       +++..     Clarity  +   (boots unavailable)
Stlth    +++++++...             S - amulet of magic regeneration (curse)
HPRegen  0.24/turn              i - +5 ring of protection (curse)
MPRegen  0.49/turn              (no ring)

@: very quick
A: very small, unfitting armour, rugged brown scales 1, see invisible, deformed
body, herbivore, speed 3, slow metabolism 2
a: Curse Item, Scrying, Transfer Knowledge, Renounce Religion


You were on level 2 of the Elven Halls.
You worshipped Ashenzari.
Ashenzari was exalted by your worship.
You were not hungry.

You visited 5 branches of the dungeon, and saw 26 of its levels.
You visited the Abyss 1 time.
You also visited: Labyrinth, Ossuary, Bailey and Ice Cave.

You collected 3973 gold pieces.
You spent 1413 gold pieces at shops.

Inventory:

Hand Weapons
 Q - a +0 quick blade of freezing (weapon)
Missiles
 l - 241 stones (quivered)
Armour
 h - a cursed scarf of resistance (worn)
 I - a cursed +2 hat (worn)
 M - a +2 robe of magic resistance (worn)
 T - a +0 buckler (worn)
Jewellery
 d - a +3 ring of slaying
 i - a cursed +5 ring of protection (left hand)
 B - an uncursed ring of protection from magic
 C - an uncursed ring of flight
 R - an uncursed ring of protection from cold
 S - a cursed amulet of magic regeneration (around neck)
 X - an uncursed ring of protection from fire
Wands
 Y - a wand of acid (8)
Scrolls
 g - 6 scrolls of teleportation {!r}
 j - 4 scrolls of magic mapping {!r}
 m - a scroll of acquirement {!r}
 n - 5 scrolls of fear {!r}
 q - 5 scrolls of amnesia {!r}
 r - a scroll of blinking {!r}
 s - 11 scrolls of remove curse {!r}
 t - a scroll of summoning {!r}
 u - 9 scrolls of fog {!r}
 D - 3 scrolls of enchant armour {!r}
 J - 3 scrolls of enchant weapon {!r}
 U - 2 scrolls of vulnerability {!r}
 Z - 4 scrolls of identify {!r}
Potions
 e - 8 potions of curing {!q}
 f - 4 potions of magic {!q}
 o - 4 potions of berserk rage {!q}
 p - 2 potions of mutation {!q}
 w - 9 potions of lignification {!q}
 x - 2 potions of agility {!q}
 z - a potion of cancellation {!q}
 A - a potion of invisibility {!q}
 E - 4 potions of haste {!q}
 F - 2 potions of brilliance {!q}
 K - a potion of flight {!q}
 L - a potion of resistance {!q}
 O - a potion of heal wounds {!q}
Miscellaneous
 H - a phantom mirror
 P - a phial of floods
Comestibles
 k - 8 rations


   Skills:
 - Level 10.1 Fighting
 - Level 10.2 Short Blades
 - Level 12.0(14.7) Dodging
 + Level 15.3(17.8) Stealth
 - Level 4.1 Shields
 + Level 14.1 Spellcasting
 - Level 7.0(10.1) Conjurations
 - Level 3.3(6.0) Hexes
 - Level 5.0(8.0) Charms
 - Level 3.0(5.6) Necromancy
 - Level 10.1(12.9) Transmutations
 - Level 14.0(16.5) Earth Magic


You had 8 spell levels left.
You knew the following spells:

 Your Spells              Type           Power        Failure   Level  Hunger
a - Sandblast             Erth           ######       0%          1    None
b - Passwall              Tmut/Erth      ######....   0%          2    None
c - Yara's Violent Unrav  Hex/Tmut       ######....   2%          5    ###....
d - Lee's Rapid Deconstr  Erth           #######...   1%          5    ###....
e - Petrify               Tmut/Erth      ######..     1%          4    None
f - Mephitic Cloud        Conj/Pois/Air  ####....     3%          3    None
g - Iron Shot             Conj/Erth      ######....   2%          6    #####..
r - Regeneration          Chrm/Necr      #####.....   1%          3    None
v - Blink                 Tloc           N/A          6%          2    None
w - Confuse               Hex            #####...     1%          3    None
z - Confusing Touch       Hex            #####.       1%          1    None


Dungeon Overview and Level Annotations

Branches:
Dungeon (15/15)            Temple (1/1) D:5            Lair (6/6) D:9
 Shoals (0/4) Lair:4       Spider (0/4) Lair:2        Slime (0/5) Lair:5
    Orc (2/2) D:12            Elf (2/3) Orc:2        Vaults (0/5) D:13
 Depths (0/5) D:15

Altars:
Ashenzari
Cheibriados
Dithmenos
Elyvilon
Fedhas
Gozag
Hepliaklqana
Kikubaaqudgha
Makhleb
Nemelex Xobeh
Okawaru
Qazlal
Ru
Sif Muna
Trog
Uskayaw
Vehumet
Wu Jian
Xom
Yredelemnul
Zin
The Shining One
Beogh

Shops:
D:4 =*[?   Orc:2 *[=!

Portals:
Trove: Elf:2 (give 6 potions of agility)

Annotations:
Elf:2 1 runed door, 4thArraOfDagon's ghost, adept HOCj


Innate Abilities, Weirdness & Mutations

You are very small and have problems with some larger weapons.
You are too small for most types of armour.
You have supernaturally acute eyesight. (SInv)
You are a herbivore.
You cover ground extremely quickly.
You need to consume almost no food.
You are partially covered in rugged brown scales. (AC +1, +3% HP)
Armour fits poorly on your strangely shaped body.


Message History

Press: ? - help, Dir - move target cursor The metal wall shatters!
A deep elf mage comes into view. It is wielding a short sword.
Casting: Lee's Rapid Deconstruction (safe; 1% risk of failure)
Confirm with . or Enter, or press ? or * to list all spells.
Okay, then.
Casting: Lee's Rapid Deconstruction (safe; 1% risk of failure)
Confirm with . or Enter, or press ? or * to list all spells.
Aiming: Lee's Rapid Deconstruction (safe; 1% risk of failure)
Press: ? - help, Dir - move target cursor The metal wall shatters!
The blast of metal fragments hits the deep elf mage.
The deep elf mage is almost dead.
You hear a shout!
You feel a bit more experienced.
Unknown command.
You see here an uncursed falchion.
You see here an uncursed enchanted dagger.
You eat one of the 9 rations.
That ration really hit the spot!
Casting: Lee's Rapid Deconstruction (safe; 1% risk of failure)
Confirm with . or Enter, or press ? or * to list all spells.
You can't see any susceptible monsters within range! (Use Z to cast anyway.)
Casting: Lee's Rapid Deconstruction (safe; 1% risk of failure)
Confirm with . or Enter, or press ? or * to list all spells.
Aiming: Sandblast (safe; 0% risk of failure)
Press: ? - help, Shift-Dir - straight line, f - deep elf mage
Aim: a deep elf mage, wielding a short sword (almost dead)
The blast of sand hits the deep elf mage.
You kill the deep elf mage!
l - 241 stones Unknown command.
You start resting.
HP restored.
You start resting.
Magic restored.
Things that are here:
an uncursed short sword; an uncursed falchion You sense a monster nearby.
There is an open door here. 4thArraOfDagon's ghost (adept Hill Orc Conjurer) comes into view.
It is wielding a vampiric weapon.
There is a large open door here. 4thArraOfDagon's ghost turns its malevolent gaze towards you. 4thArraOfDagon's ghost hits you!!
Press: ? - help, v - describe, . - travel
Here: 4thArraOfDagon's ghost, wielding a vampiric weapon The floor.
Unknown command.
There is a large open door here.
There is an open door here.
Things that are here:
an uncursed short sword; an uncursed falchion
Casting: Sandblast (safe; 0% risk of failure)
Confirm with . or Enter, or press ? or * to list all spells.
You can't see any susceptible monsters within range! (Use Z to cast anyway.)
Casting: Sandblast (safe; 0% risk of failure)
Confirm with . or Enter, or press ? or * to list all spells.
Aiming: Confuse (safe; 1% risk of failure)
Press: ? - help, Shift-Dir - straight line, f - 4thArraOfDagon's ghost
Aim: 4thArraOfDagon's ghost, wielding a vampiric weapon (chance to defeat MR: 4%) 4thArraOfDagon's ghost resists with almost no effort. 4thArraOfDagon's ghost casts a spell past you.
The crystal wall shatters!
The blast of crystal shards hits you!
Ouch! That really hurt!
You die...

#####...##.........## ##........
#...'...#..).....)..###.........
#.###...#....###.....##'........
##.# #).....###
###...+.'#....... ...# #...####
#####.##....... ##.# #......###
###...W.'#....... #.#
#...#....###..)..##'))...... #.#
##..#.......)...###)........ #.#
#...##....)@...## ##.W......
#.###...###.......## #.........
#...'...################........
#...'......).........# ##.......
##.###......#.........#
##...#... ...#
##....##.....>...# #...###..
##.# ##..###.........##...## *#.
##'## ##'# #........####...** .
#...## #.########'### ##... ,,


You could see 4thArraOfDagon's ghost.

Vanquished Creatures
  Gastronok (D:8)
  Frances (Elf:1)
  A deep elf sorcerer (Elf:1)
  A frost giant (D:8)
  An orc warlord (Orc:1)
  Azrael (Elf:1)
  A minotaur (Lab)
  Snorg (Orc:2)
  A deep elf death mage (Elf:2)
  2 vault guards (D:13)
  Fannar (Lair:3)
  5 hydras
  2 ice dragons (IceCv)
  A catoblepas (Lair:6)
  2 centaur warriors
  23 two-headed ogres
  A merfolk avatar (Lair:6)
  16 dancing weapons
  Erica (D:13)
  7 death yaks
  5 ogre magi
  9 deep elf knights
  3 unseen horrors
  A skeletal warrior (D:15)
  2 sea snakes (Lair:6)
  4 deep elf archers (Elf:2)
  Pikel (D:4)
  8 wizards
  The ghost of Amnesiac the Geomancer, a novice SpEE of Dithmenos (D:7)
  3 necromancers
  A wolf spider zombie (Abyss:2)
  A phantasmal warrior (D:15)
  35 deep elf magi
  A wolf spider (shapeshifter) (Elf:2)
  3 ugly things
  4 orc knights
  2 manticores
  2 orc sorcerers
  A fire giant zombie (D:15)
  2 oklob plants
  2 cyclopes
  A stone giant zombie (D:15)
  8 elephants
  3 black mambas
  2 ice statues (IceCv)
  3 centaur zombies
  2 gargoyles (D:13)
  13 spiny frogs
  A spriggan zombie (D:15)
  A torpor snail (Lair:6)
  The ghost of CollectiveS the Caller, a novice MfSu (D:6)
  8 rime drakes
  10 komodo dragons
  6 trolls
  2 tengu conjurers (D:14)
  2 polar bears (Lair:6)
  A guardian mummy (D:15)
  A wind drake (Lair:6)
  The ghost of Kairos the Covered, an amateur HuFi (D:3)
  Grinder (D:4)
  4 hornets
  Prince Ribbit (D:6)
  2 slime creatures (Lair:5)
  7 hippogriffs
  22 blink frogs
  3 water elementals
  A shadow (D:15)
  3 air elementals
  17 yaks
  3 wyverns
  4 hogs (D:7)
  A vampire (D:15)
  A wraith (D:14)
  3 basilisks
  6 fire elementals
  7 hungry ghosts
  18 humans
  Grum (D:8)
  Menkaure (D:6)
  A steam dragon (D:12)
  2 wargs
  12 water moccasins
  5 hell hounds (Elf:1)
  Duvessa (D:5)
  3 porcupines
  A meliai simulacrum (D:13)
  29 orc warriors
  4 sky beasts
  2 black bears
  A phantom (D:10)
  A slave (D:4)
  18 ice beasts
  A necrophage (D:11)
  32 ogres
  A boggart (Elf:1)
  8 centaurs
  7 wolves
  15 crocodiles
  2 big kobolds
  9 bullfrogs
  An earth elemental (Elf:1)
  3 elf skeletons
  A wyvern zombie (D:11)
  A water moccasin skeleton (D:6)
  Dowan (D:5)
  2 scorpions
  3 killer bees (D:8)
  8 howler monkeys
  4 electric eels
  A quasit (D:15)
  A wyvern simulacrum (D:13)
  Crazy Yiuf (D:5)
  4 crimson imps
  5 centaur skeletons
  2 hounds
  15 jellies
  19 orc wizards
  20 orc priests
  4 bullfrog skeletons
  3 iguanas
  15 worker ants
  A killer bee zombie (D:8)
  A big kobold zombie (Ossuary)
  A hound zombie (D:8)
  8 mummies (Ossuary)
  4 hound skeletons
  18 adders
  9 gnolls
  3 shadow imps
  3 white imps (D:13)
  2 ufetubi (D:13)
  9 oozes (D:2)
  2 adder zombies
  An adder skeleton (D:6)
  2 dart slugs
  6 leopard geckos
  64 orcs
  10 giant cockroaches
  5 goblins
  5 hobgoblins
  5 jackals
  28 kobolds
  8 quokkas
  A ball python (D:4)
  5 bats
  5 frilled lizards
  2 hobgoblin zombies (Ossuary)
  3 kobold zombies (Ossuary)
  2 leopard gecko skeletons (D:5)
  An orc skeleton (D:6)
  5 orc zombies
  A quokka skeleton (D:7)
  5 rats
827 creatures vanquished.

Vanquished Creatures (others)
  A hound skeleton (D:4)
  3 orcs (D:4)
  11 fungi
  26 plants (Lair:6)
  8 toadstools (D:2)
  A withered plant (D:15)
50 creatures vanquished.

Grand Total: 877 creatures vanquished

Notes
Turn   | Place    | Note
-------+----------+-------------------------------------------
     0 | D:1      | Amnesiac the Spriggan Earth Elementalist began the quest for the Orb.
     0 | D:1      | Reached XP level 1. HP: 9/9 MP: 5/5
   151 | D:1      | Reached XP level 2. HP: 13/13 MP: 4/7
   155 | D:1      | Learned a level 2 spell: Passwall
   635 | D:2      | Reached skill level 1 in Short Blades
   635 | D:2      | Reached XP level 3. HP: 8/16 MP: 3/8
   776 | D:2      | Reached XP level 4. HP: 18/21 MP: 5/9
  1170 | D:2      | Learned a level 4 spell: Petrify
  1244 | D:2      | Reached XP level 5. HP: 20/24 MP: 11/11
  2199 | D:2      | Reached XP level 6. HP: 28/28 MP: 9/13
  2774 | D:3      | Noticed Kairos's ghost (amateur HuFi)
  2798 | D:3      | Learned a level 3 spell: Stone Arrow
  2848 | D:3      | Killed Kairos's ghost
  2848 | D:3      | Reached skill level 5 in Spellcasting
  2848 | D:3      | Reached skill level 5 in Transmutations
  2848 | D:3      | Reached skill level 5 in Earth Magic
  2848 | D:3      | Reached XP level 7. HP: 16/32 MP: 1/15
  3402 | D:3      | Found a snail-covered altar of Cheibriados.
  3402 | D:3      | Found a hazy altar of Hepliaklqana.
  3575 | D:4      | Noticed Pikel
  3625 | D:4      | Killed Pikel
  3625 | D:4      | Reached XP level 8. HP: 11/36 MP: 10/18
  3647 | D:4      | Found Ganusche's Magic Scroll Emporium.
  3661 | D:4      | Bought a scroll of remove curse for 42 gold pieces
  3661 | D:4      | Bought a scroll of remove curse for 42 gold pieces
  3661 | D:4      | Bought a scroll of identify for 28 gold pieces
  3661 | D:4      | Bought a scroll of identify for 28 gold pieces
  3864 | D:4      | Noticed Grinder
  3886 | D:4      | Killed Grinder
  4076 | D:4      | Found Big Lant's Antique Armour Emporium.
  4256 | D:4      | Found Meel's Jewellery Emporium.
  4257 | D:4      | Found Goskaeg's General Store.
  4349 | D:5      | Entered Level 5 of the Dungeon
  4432 | D:5      | Found a staircase to the Ecumenical Temple.
  4488 | Temple   | Entered the Ecumenical Temple
  4640 | D:5      | Noticed Prince Ribbit
  4863 | D:5      | Found a runed door.
  5085 | D:5      | Learned a level 5 spell: Lee's Rapid Deconstruction
  5161 | D:5      | Noticed Duvessa
  5161 | D:5      | Noticed Dowan
  5163 | D:5      | Killed Dowan
  5203 | D:5      | Killed Duvessa
  5203 | D:5      | Reached XP level 9. HP: 39/39 MP: 17/21
  5449 | D:5      | Noticed Crazy Yiuf
  5457 | D:5      | Killed Crazy Yiuf
  5513 | D:6      | Learned a level 1 spell: Confusing Touch
  5530 | D:6      | Found a glowing golden altar of the Shining One.
  5545 | D:6      | Found a blossoming altar of Fedhas.
  5580 | D:6      | Noticed CollectiveS's ghost (novice MfSu)
  5586 | D:6      | Found a sparkling altar of Nemelex Xobeh.
  5588 | D:6      | Found a hide-covered altar of Uskayaw.
  5606 | D:6      | Killed Prince Ribbit
  5972 | D:6      | Found a sand-covered staircase.
  6075 | D:6      | Noticed Menkaure
  6090 | D:6      | Killed Menkaure
  6145 | Ossuary  | Entered an ossuary
  6587 | D:6      | Found a white marble altar of Elyvilon.
  6639 | D:6      | Found an iron altar of Okawaru.
  6644 | D:6      | Killed CollectiveS's ghost
  6876 | D:7      | Found a shattered altar of Ashenzari.
  6889 | D:7      | Became a worshipper of Ashenzari the Shackled
  7038 | D:4      | Bought a cursed ring of loudness for 45 gold pieces
  7048 | D:4      | Bought a cursed ring of loudness for 63 gold pieces
  7099 | D:4      | Bought a runed cloak for 187 gold pieces
  7167 | D:7      | Noticed Amnesiac's ghost (novice SpEE)
  7644 | D:7      | Reached XP level 10. HP: 44/44 MP: 12/24
  7968 | D:7      | Killed Amnesiac's ghost
  7968 | D:7      | Reached skill level 10 in Transmutations
  7968 | D:7      | Reached skill level 10 in Earth Magic
  8039 | D:7      | Found a deep blue altar of Sif Muna.
  8270 | D:7      | Reached skill level 10 in Spellcasting
  8687 | D:8      | Noticed a white ugly thing
  8718 | D:8      | Killed a white ugly thing
  8794 | D:8      | Noticed a frost giant
  8794 | D:8      | Noticed Grum
  8813 | D:8      | Reached skill level 4 in Stealth
  9084 | D:8      | Reached * piety under Ashenzari
  9086 | D:8      | Noticed a two-headed ogre
  9101 | D:8      | Killed a two-headed ogre
  9101 | D:8      | Reached skill level 5 in Short Blades
  9101 | D:8      | Reached skill level 5 in Stealth
  9280 | D:8      | Reached skill level 6 in Stealth
  9454 | D:8      | Noticed Gastronok
  9469 | D:8      | Killed Gastronok
  9469 | D:8      | Reached skill level 7 in Stealth
  9469 | D:8      | Reached XP level 11. HP: 47/47 MP: 14/26
  9519 | D:8      | Killed a frost giant
  9519 | D:8      | Reached skill level 8 in Stealth
  9772 | D:8      | Killed Grum
  9772 | D:8      | Reached skill level 1 in Fighting
 10087 | D:9      | Found a shimmering altar of Xom.
 10207 | D:9      | Learned a level 5 spell: Yara's Violent Unravelling
 10211 | D:9      | Learned a level 3 spell: Regeneration
 10214 | D:9      | Learned a level 2 spell: Blink
 10218 | D:9      | Learned a level 3 spell: Mephitic Cloud
 10666 | D:9      | Found a staircase to the Lair.
 10857 | D:10     | Entered Level 10 of the Dungeon
 11045 | D:10     | Noticed a two-headed ogre
 11054 | D:10     | Killed a two-headed ogre
 11402 | D:10     | Noticed a two-headed ogre
 11415 | D:10     | Killed a two-headed ogre
 11415 | D:10     | Reached skill level 9 in Stealth
 11531 | D:10     | Reached ** piety under Ashenzari
 11929 | D:11     | Found a blossoming altar of Fedhas.
 11944 | D:11     | Reached skill level 10 in Stealth
 12226 | D:11     | Noticed a two-headed ogre
 12227 | D:11     | Killed a two-headed ogre
 12305 | D:11     | Noticed a wizard
 12307 | D:11     | Cast into level 2 of the Abyss (a wizard)
 12334 | Abyss:2  | Noticed a thrashing horror
 12349 | Abyss:2  | Found a corrupted altar of Lugonu.
 12386 | Abyss:2  | Reached skill level 10 in Short Blades
 12413 | D:11     | Escaped the Abyss
 12422 | D:11     | Killed a wizard
 12422 | D:11     | Reached XP level 12. HP: 58/58 MP: 17/27
 12502 | D:11     | Noticed a two-headed ogre
 12509 | D:11     | Killed a two-headed ogre
 12554 | D:11     | Reached skill level 5 in Dodging
 12786 | D:12     | Noticed a two-headed ogre
 12796 | D:12     | Killed a two-headed ogre
 12796 | D:12     | Reached skill level 5 in Fighting
 13433 | D:12     | Found a staircase to the Orcish Mines.
 13922 | D:12     | Reached *** piety under Ashenzari
 14719 | D:13     | Found a flagged portal.
 14741 | Bailey   | Entered a bailey
 14913 | Bailey   | Found a burning altar of Makhleb.
 15191 | D:13     | Noticed Erica
 15191 | D:13     | Killed Erica
 15711 | D:13     | Noticed a six-headed hydra
 15721 | D:13     | Killed a six-headed hydra
 15788 | D:13     | Reached XP level 13. HP: 69/69 MP: 6/28
 15973 | D:12     | Reached skill level 10 in Dodging
 16378 | D:13     | Gained mutation: Armour fits poorly on your strangely shaped body. [potion of mutation]
 16378 | D:13     | Gained mutation: You are partially covered in rugged brown scales. (AC +1, +3% HP) [potion of mutation]
 16788 | D:13     | Found a gate to the Vaults.
 16903 | D:13     | Reached skill level 1 in Shields
 17801 | D:14     | Reached **** piety under Ashenzari
 18154 | D:14     | Upgraded the game from 0.22-a0-322-g60b3cfd to 0.22-a0-346-ga714374
 18170 | D:14     | Learned a level 3 spell: Confuse
 18261 | D:15     | Entered Level 15 of the Dungeon
 18261 | D:15     | Found a staircase to the Depths.
 18286 | D:15     | Found a labyrinth entrance.
 18304 | Lab      | Entered a labyrinth
 18547 | Lab      | Reached skill level 1 in Hexes
 18606 | Lab      | Noticed a minotaur
 18895 | Lab      | Killed a minotaur
 19169 | D:15     | Reached skill level 1 in Charms
 19181 | D:15     | Reached skill level 1 in Conjurations
 19181 | D:15     | Reached skill level 1 in Necromancy
 19604 | D:15     | Reached XP level 14. HP: 78/78 MP: 7/29
 19953 | D:15     | Reached skill level 5 in Charms
 20431 | Orc:1    | Entered Level 1 of the Orcish Mines
 20855 | Orc:1    | Noticed an orc warlord
 20969 | Orc:1    | Learned a level 6 spell: Iron Shot
 21036 | Orc:1    | Killed an orc warlord
 21036 | Orc:1    | Reached skill level 10 in Fighting
 21160 | Orc:1    | Found a roughly hewn altar of Beogh.
 21744 | Orc:2    | Entered Level 2 of the Orcish Mines
 21854 | Orc:2    | Reached ***** piety under Ashenzari
 21895 | Orc:2    | Found a frozen archway.
 21900 | IceCv    | Entered an ice cave
 22756 | Orc:2    | Noticed Snorg
 22780 | Orc:2    | Killed Snorg
 23527 | Orc:2    | Found Wecipt's Jewellery Emporium.
 23527 | Orc:2    | Found Foubia's Distillery.
 23584 | Orc:2    | Found Otodwuri's Antique Armour Emporium.
 23584 | Orc:2    | Found Murche Ynuwys's Assorted Antiques.
 23600 | Orc:2    | Bought a scroll labeled DOOMAXKE NOITE for 22 gold pieces
 23600 | Orc:2    | Bought a coral ring for 110 gold pieces
 23604 | Orc:2    | Bought a +5 ring of protection for 550 gold pieces
 23605 | Orc:2    | Bought a potion of resistance for 180 gold pieces
 23606 | Orc:2    | Bought a scroll of identify for 44 gold pieces
 23606 | Orc:2    | Identified a scroll of acquirement {!r}
 23644 | Orc:2    | Reached XP level 15. HP: 82/82 MP: 7/31
 23658 | Orc:2    | Found a staircase to the Elven Halls.
 24209 | Lair:1   | Entered Level 1 of the Lair of Beasts
 24443 | Elf:1    | Entered Level 1 of the Elven Halls
 24464 | Elf:1    | Reached skill level 5 in Conjurations
 24822 | Elf:1    | Noticed Azrael
 24870 | Elf:1    | Killed Azrael
 25101 | Elf:1    | Noticed Frances
 25119 | Elf:1    | Killed Frances
 25872 | Elf:1    | Noticed a deep elf sorcerer
 25907 | Elf:1    | Killed a deep elf sorcerer
 26443 | Elf:2    | Found a portal to a secret trove of treasure.
 26569 | Orc:2    | Bought a potion of agility for 72 gold pieces
 27932 | Lair:2   | Found a hole to the Spider Nest.
 28643 | Lair:3   | Reached ****** piety under Ashenzari
 28743 | Lair:3   | Noticed Fannar
 28744 | Lair:3   | Killed Fannar
 29784 | Lair:4   | Found a staircase to the Shoals.
 30614 | Lair:5   | Reached XP level 16. HP: 87/87 MP: 29/32
 30795 | Lair:5   | Reached skill level 11 in Stealth
 30873 | Lair:5   | Found a staircase to the Slime Pits.
 31190 | Lair:6   | Entered Level 6 of the Lair of Beasts
 31512 | Lair:6   | HP: 3/87 [blink frog (7)]
 32303 | Lair:6   | Reached skill level 12 in Stealth
 33210 | Lair:6   | Reached skill level 13 in Stealth
 34090 | Elf:2    | Found a runed door.
 34099 | Elf:2    | Found a runed door.
 34129 | Elf:2    | Reached skill level 14 in Stealth
 34981 | Elf:2    | Reached skill level 15 in Stealth
 35212 | Elf:2    | Noticed 4thArraOfDagon's ghost (adept HOCj)
 35238 | Elf:2    | Killed from afar by 4thArraOfDagon's ghost

Vault maps used:
D:1:      minmay_arrival_cross
D:2:      cheibrodos_fertilizer, first_ration, kennysheep_generic_room_12
D:3:      kb_forest_paths, chequers_temple_overflow_statue_of_worship
D:4:      serial_shops, nicolae_shop_waterfront, shop,
          nicolae_shop_behind_doors, kennysheep_mini_moat, minmay_bisected,
          uniq_grinder, uniq_pikel
D:5:      minmay_temple_entry_grid, hex_intersection, uniq_crazy_yiuf_cottage,
          uniq_prince_ribbit1, uniq_duvessa
D:6:      kennysheep_mini, gammafunk_temple_overflow_forgotten,
          grunt_temple_overflow_open, nicolae_ossuary_entry_catacombs,
          uniq_menkaure
D:7:      cheibrodos_ashenzari_chains, led_sif_pool, small_statue_intersection,
          grunt_livestock
D:8:      minmay_three_doors, uniq_gastronok, uniq_grum
D:9:      overflow_temple_1_default, lair_entry_dummy
D:11:     basic_altar, minmay_fountain_box
D:12:     david_orc_1_choice, lightli_corner_chamber
D:13:     grunt_vaults_entry_tiered, serial_ice, serial_ice_m, serial_ice_a,
          serial_ice_j, serial_ice_c, enter_bailey_2, sword_in_stone
D:14:     infiniplex_staircase_x
D:15:     gammafunk_depths_entry_grave, grunt_decor_one_mirror,
          lab_entry_generic
Temple:   minmay_temple_curvy_loop
Lair:1:   hangedman_lair_unloving_vines, serial_bayou_lagoon_a,
          bh_autumn_forest_stairs, lemuel_fruit_tree, lemuel_fruit_fields
Lair:2:   dummy_spider_entry, zaba_anthole
Lair:3:   minmay_lair_oklob_chamber, grunt_megastairs_5, uniq_fannar
Lair:4:   minmay_shoals_entry_centaurs
Lair:5:   minmay_slime_entry_pillars
Lair:6:   gammafunk_lair_ancient_temple
Orc:1:    cheibrodos_orc_arena, minmay_orc_temple_a
Orc:2:    st_orc_ogre_mass, portal_ice_cave_rime, mines3_lemuel, uniq_snorg
Elf:1:    eino_elf_arrival_customs, hangedman_elf_disciples, uniq_frances,
          uniq_azrael
Elf:2:    nicolae_trove_entry_free_sample, st_stairs_3, hangedman_glass_teeth,
          corexii_leaking_fountain
Abyss:2:  small_statue_intersection, hangedman_abyss_or_decor_lesser_grid
Lab:      labyrinth_hidden_loot, nicolae_lab_plus, nicolae_lab_grate_2,
          lab_hedge
Ossuary:  ossuary_tomb_3
Bailey:   bailey_axe_3, bailey
IceCv:    ice_cave_small_dragons

Skill      XL: |  1  2  3  4  5  6  7  8  9 10 11 12 13 14 15 16 |
---------------+-------------------------------------------------+-----
Earth Magic    | 3 4 5 6 8 9 10 11 14 | 14.0
Spellcasting   | 3 4 5 6 7 9 10 11 14 | 14.1
Short Blades   | 1 7 10 | 10.2
Transmutations | 2 3 4 5 6 8 9 10 | 10.1
Stealth        | 7 10 15 | 15.3
Fighting       | 3 8 9 10 | 10.1
Dodging        | 4 9 11 12 | 12.0
Shields        | 4 |  4.1
Hexes          | 3 |  3.3
Charms         | 3 5 |  5.0
Conjurations   | 1 4 7 |  7.0
Necromancy     | 2 3 |  3.0

Action                   |  1- 3 |  4- 6 |  7- 9 | 10-12 | 13-15 | 16-18 || total
-------------------------+-------+-------+-------+-------+-------+-------++-------
Melee: Dagger            |    17 |     2 |   209 |   231 |   643 |   134 ||  1236
       Short sword       |     7 |   104 |   109 |       |       |       ||   220
       Quick blade       |       |       |       |       |       |    60 ||    60
 Cast: Sandblast         |    22 |    73 |    76 |    22 |   142 |    35 ||   370
       Passwall          |     3 |       |     1 |     5 |    46 |    15 ||    70
       Petrify           |       |       |    35 |   104 |   379 |   135 ||   653
       Stone Arrow       |       |       |    22 |   198 |    25 |       ||   245
       Lee's Rapid Decon |       |       |     2 |    11 |    63 |    30 ||   106
       Blink             |       |       |       |     8 |     2 |       ||    10
       Confuse           |       |       |       |       |    21 |     1 ||    22
       Iron Shot         |       |       |       |       |     6 |    11 ||    17
Invok: Curse Item        |       |       |       |       |     2 |     2 ||     4
  Use: Scroll            |       |       |     9 |     6 |    12 |     4 ||    31
       Potion            |       |       |     2 |     1 |     7 |     1 ||    11
 Stab: Sleeping          |     6 |     3 |    16 |    12 |    36 |    13 ||    86
       Petrified         |       |       |   128 |   106 |   167 |    50 ||   451
       Petrifying        |       |       |     3 |    24 |   128 |    28 ||   183
       Confused          |       |       |       |       |     5 |       ||     5
       Invisible         |       |       |       |       |     4 |       ||     4
       Distracted        |       |       |       |       |     3 |       ||     3
  Eat: Ration            |       |       |     5 |     7 |    18 |     5 ||    35
Armor: Robe              |     1 |     6 |    22 |    26 |    21 |     2 ||    78
Dodge: Dodged            |    19 |   115 |   183 |   202 |   411 |    82 ||  1012
Block: Buckler           |       |       |       |       |   101 |    37 ||   138

Table legend:
 A = Spawn XP
 B = Non-spawn XP
 C = Spawn XP percentage of total XP
 D = Spawn monster count
 E = Non-spawn monster count
 F = Spawn count percentage of total count
 G = Total turns spent on level
                    A         B        C        D         E        F      G
               +---------+---------+-------+---------+---------+-------+---------
         Total |       0 |  203626 |   0.0 |       0 |     826 |   0.0 | 35238
               +---------+---------+-------+---------+---------+-------+---------
           D:1 |       0 |      30 |   0.0 |       0 |      11 |   0.0 |   655
           D:2 |       0 |     410 |   0.0 |       0 |      45 |   0.0 |  1830
           D:3 |       0 |     492 |   0.0 |       0 |      32 |   0.0 |  1090
           D:4 |       0 |    1248 |   0.0 |       0 |      18 |   0.0 |   911
           D:5 |       0 |     858 |   0.0 |       0 |      24 |   0.0 |  1081
           D:6 |       0 |    1631 |   0.0 |       0 |      27 |   0.0 |  1047
           D:7 |       0 |    2665 |   0.0 |       0 |      26 |   0.0 |  1556
           D:8 |       0 |    6896 |   0.0 |       0 |      31 |   0.0 |  1366
           D:9 |       0 |     843 |   0.0 |       0 |      12 |   0.0 |  1168
          D:10 |       0 |    2970 |   0.0 |       0 |      16 |   0.0 |  1014
          D:11 |       0 |    5038 |   0.0 |       0 |      24 |   0.0 |   924
          D:12 |       0 |    8717 |   0.0 |       0 |      51 |   0.0 |  2472
          D:13 |       0 |   19978 |   0.0 |       0 |      64 |   0.0 |  2176
          D:14 |       0 |    3711 |   0.0 |       0 |      13 |   0.0 |  1251
          D:15 |       0 |   13058 |   0.0 |       0 |      29 |   0.0 |  1008
        Lair:1 |       0 |    1246 |   0.0 |       0 |       6 |   0.0 |   906
        Lair:2 |       0 |    7153 |   0.0 |       0 |      30 |   0.0 |   921
        Lair:3 |       0 |    7348 |   0.0 |       0 |      22 |   0.0 |   966
        Lair:4 |       0 |    6240 |   0.0 |       0 |      23 |   0.0 |   610
        Lair:5 |       0 |    4045 |   0.0 |       0 |      13 |   0.0 |  1798
        Lair:6 |       0 |   19861 |   0.0 |       0 |      46 |   0.0 |  1660
         Orc:1 |       0 |    7919 |   0.0 |       0 |      69 |   0.0 |  1684
         Orc:2 |       0 |   18815 |   0.0 |       0 |      50 |   0.0 |  1542
         Elf:1 |       0 |   26389 |   0.0 |       0 |      46 |   0.0 |  2095
         Elf:2 |       0 |   27458 |   0.0 |       0 |      41 |   0.0 |  1392
       Abyss:2 |       0 |     608 |   0.0 |       0 |       1 |   0.0 |   106
           Lab |       0 |    1933 |   0.0 |       0 |       5 |   0.0 |   608
       Ossuary |       0 |     177 |   0.0 |       0 |      16 |   0.0 |   395
        Bailey |       0 |     569 |   0.0 |       0 |      16 |   0.0 |   375
         IceCv |       0 |    5320 |   0.0 |       0 |      19 |   0.0 |   537
               +---------+---------+-------+---------+---------+-------+---------
